 Dungeon Crawl Stone Soup version 0.28-a0-1128-gb845255321 (webtiles) character file.

Game seed: 636671445290267068

4268 Gargoyl the Fighter (level 10, -6/82 HPs)
             Began as a Gnoll Abyssal Knight on Dec 11, 2021.
             Was an Elder of Lugonu.
             Killed from afar by a rakshasa (24 damage)
             ... with a lance of force
             ... on level 9 of the Dungeon on Dec 12, 2021.
             The game lasted 00:10:02 (6870 turns).

Gargoyl the Fighter (Gnoll Abyssal Knight)          Turns: 6870, Time: 00:10:02

Health: -6/82      AC: 25    Str: 17    XL:     10   Next: 31%
Magic:  17/17      EV:  3    Int: 10    God:    Lugonu [****..]
Gold:   371        SH: 17    Dex: 17    Spells: 19/19 levels left

rFire   + + .      SeeInvis .   a - +5 hand axe (spect)
rCold   . . .      Faith    .   f - +3 tower shield {AC+3}
rNeg    . . .      Spirit   .   i - +0 plate armour
rPois   .          Reflect  .   (no helmet)
rElec   .          Harm     .   e - +1 cloak of Precision Catastrophes {rF++ Dex+5}
rCorr   .          Rampage  .   c - +2 pair of gloves
Will    .....                   s - +2 pair of boots
Stlth   ..........              o - amulet of regeneration
HPRegen 1.03/turn               (no ring)
MPRegen 0.15/turn               (no ring)

@: no status effects
A: fangs 1, strong nose, distributed training
a: Renounce Religion, Depart the Abyss, Bend Space, Banish, Corrupt


You were on level 9 of the Dungeon.
You worshipped Lugonu.
Lugonu was greatly pleased with you.
You visited 1 branch of the dungeon, and saw 9 of its levels.
You visited the Abyss 1 time.
You also visited: Bailey.

You collected 395 gold pieces.
You spent 24 gold pieces at shops.

Inventory:

Hand Weapons
 a - a +5 spectral hand axe (weapon)
 t - a +2 antimagic spear
Missiles
 h - a throwing net
 n - 23 poisoned darts
 u - 4 curare-tipped darts (quivered)
Armour
 c - a +2 pair of gloves (worn)
 e - the +1 cloak of Precision Catastrophes (worn) {rF++ Dex+5}
   (You found it on level 6 of the Dungeon)

   Dex:       It affects your dexterity (+5).
   rF:        It greatly protects you from fire.
 f - a +3 tower shield of protection (worn)
 i - a +0 plate armour (worn)
 s - a +2 pair of boots (worn)
Jewellery
 o - an amulet of regeneration (around neck)
Wands
 j - a wand of iceblast (12)
Scrolls
 b - 2 scrolls of blinking
 p - 2 scrolls of teleportation
Potions
 d - 4 potions of curing
 g - 2 potions of haste
 k - a potion of cancellation {unknown}
 l - a potion of magic {unknown}
 m - 3 potions of might {unknown}
 r - 2 potions of heal wounds {unknown}


   Skills:
 + Level 8.4 Fighting
 + Level 5.1 Short Blades
 + Level 5.1 Long Blades
 + Level 7.0 Axes
 + Level 5.1 Maces & Flails
 + Level 5.1 Polearms
 + Level 5.1 Staves
 + Level 5.1 Slings
 + Level 5.1 Bows
 + Level 5.1 Crossbows
 + Level 5.1 Throwing
 + Level 7.0 Armour
 + Level 5.8 Dodging
 + Level 5.1 Stealth
 + Level 5.1 Shields
 + Level 5.1 Unarmed Combat
 + Level 5.1 Spellcasting
 + Level 4.2 Conjurations
 + Level 4.2 Hexes
 + Level 4.2 Summonings
 + Level 4.2 Necromancy
 + Level 4.2 Translocations
 + Level 4.2 Transmutations
 + Level 4.2 Fire Magic
 + Level 4.2 Ice Magic
 + Level 4.2 Air Magic
 + Level 4.2 Earth Magic
 + Level 4.2 Poison Magic
 + Level 7.4 Invocations
 + Level 5.1 Evocations


You had 19 spell levels left.
You didn't know any spells.
Your spell library contained the following spells:

 Spells                   Type           Power      Damage    Failure   Level
 Apportation              Tloc           22%        N/A       100%        1
 Magic Dart               Conj           44%        1d5       100%        1
 Call Imp                 Summ           11%        N/A       100%        2
 Ensorcelled Hibernation  Hex/Ice        22%        N/A       100%        2
 Mephitic Cloud           Conj/Pois/Air  11%        N/A       100%        3
 Tukima's Dance           Hex            11%        N/A       100%        3
 Alistair's Intoxication  Tmut/Pois      7%         N/A       100%        5


Dungeon Overview and Level Annotations

Branches:
Dungeon (9/15)             Temple (0/1) D:4          Bailey (visited)
   Lair: D:8-11         Orc: D:9-12

Altars:
Zin

Shops:
D:6 *


Innate Abilities, Weirdness & Mutations

You have very sharp teeth.
Your uncanny sense of smell can sniff out nearby items.
Your experience applies equally to all skills.


Message History

The orc hits your +5 spectral hand axe but does no damage.
Your Axes skill increases to level 7!
Your Armour skill increases to level 7!
Unknown command.
Something hits you but does no damage.
The rakshasa hits you but does no damage.
Things that are here:
a +0 shortbow; 25 arrows Unknown command.
You closely miss the rakshasa.
The rakshasa is severely wounded.
You slash the orc!
You kill the orc!
Lugonu accepts your kill.
You hit something. You completely miss the orc.
Your +5 spectral hand axe hits something!
Lugonu accepts your kill.
Reactivating autopickup.
You feel a bit more experienced. The orc hits you but does no damage.
The rakshasa hits you with a +0 whip. You block the orc's attack.
You miss the rakshasa.
The rakshasa is severely wounded.
You hit the orc. You closely miss the orc.
Your +5 spectral hand axe hits the orc!
You kill the orc!
Lugonu accepts your kill. You block the rakshasa's attack.
You block the orc's attack. The rakshasa hits you with a +0 whip.
You slash the rakshasa!
The rakshasa is severely wounded.
You hit the orc.
Your +5 spectral hand axe hits the orc!
You kill the orc!
Lugonu accepts your kill. The rakshasa gestures at you.
The lance of force hits you!
You are knocked back by the lance of force.
You slam into the rock wall!
* * * LOW HITPOINT WARNING * * *
The rakshasa gestures at you. The lance of force hits you!!
You die...

∆# .## ...##
#.#######
#....
#....<.###..#
#......@.§.#
#######§)).#
#))R.#
#.....#
#..###.# #..#
.# #.. ## ..#
... ∆


You could see a rakshasa.

Vanquished Creatures
  Pikel (D:8)
  A gargoyle (D:6)
  A troll (D:7)
  Grum (D:8)
  A water moccasin (D:5)
  2 orc warriors
  A sky beast (D:7)
  A black bear (D:7)
  3 ice beasts
  3 necrophages
  3 ogres
  3 wolves (D:8)
  A centaur (D:9)
  A phantom (D:7)
  A lemure (D:8)
  A gnoll sergeant (D:8)
  A bullfrog (D:7)
  2 scorpions
  A water moccasin skeleton (D:7)
  3 killer bees (D:7)
  A wight (D:7)
  2 howler monkeys
  A bullfrog zombie (D:7)
  A centaur zombie (D:7)
  3 hounds
  2 gnoll shamans (D:7)
  2 jellies
  An orc priest (D:4)
  Crazy Yiuf (D:4)
  2 centaur skeletons (D:7)
  2 iguanas
  6 orc wizards
  A killer bee zombie (D:7)
  A hound zombie (D:5)
  17 gnolls
  10 adders
  A shadow imp (D:7)
  2 adder skeletons (D:4)
  A dart slug (D:2)
  22 orcs
  7 endoplasms
  5 giant cockroaches
  9 goblins
  2 hobgoblins (D:4)
  6 jackals
  A quokka (D:2)
  7 ball pythons
  4 bats
  2 frilled lizards (D:2)
  7 kobolds
  A quokka skeleton (D:4)
  8 rats
170 creatures vanquished.

Notes
Turn   | Place    | Note
-------+----------+-------------------------------------------
     0 | Abyss:1  | Gargoyl the Gnoll Abyssal Knight began the quest for the
                  | Orb.
     0 | Abyss:1  | Reached XP level 1. HP: 23/23 MP: 3/3
   211 | Abyss:2  | Noticed a raiju
   211 | Abyss:2  | Noticed a raiju
   211 | Abyss:2  | Noticed a raiju
   211 | Abyss:2  | Noticed a small abomination
   214 | D:1      | Escaped the Abyss
   480 | D:1      | Reached XP level 2. HP: 26/29 MP: 5/5
   632 | D:1      | Reached * piety under Lugonu
  1280 | D:2      | Reached XP level 3. HP: 32/35 MP: 6/6
  1701 | D:2      | Reached skill level 1 in Short Blades
  1701 | D:2      | Reached skill level 1 in Long Blades
  1701 | D:2      | Reached skill level 1 in Maces & Flails
  1701 | D:2      | Reached skill level 1 in Polearms
  1701 | D:2      | Reached skill level 1 in Staves
  1701 | D:2      | Reached skill level 1 in Slings
  1701 | D:2      | Reached skill level 1 in Bows
  1701 | D:2      | Reached skill level 1 in Crossbows
  1701 | D:2      | Reached skill level 1 in Throwing
  1701 | D:2      | Reached skill level 1 in Stealth
  1701 | D:2      | Reached skill level 1 in Shields
  1701 | D:2      | Reached skill level 1 in Unarmed Combat
  1701 | D:2      | Reached skill level 1 in Spellcasting
  1701 | D:2      | Reached skill level 1 in Evocations
  1749 | D:2      | Reached XP level 4. HP: 22/41 MP: 7/7
  2016 | D:2      | Reached ** piety under Lugonu
  2213 | D:3      | Identified a scroll of acquirement
  2213 | D:3      | Acquired a +2 tower shield of protection
  2285 | D:3      | Reached skill level 1 in Conjurations
  2285 | D:3      | Reached skill level 1 in Hexes
  2285 | D:3      | Reached skill level 1 in Summonings
  2285 | D:3      | Reached skill level 1 in Necromancy
  2285 | D:3      | Reached skill level 1 in Translocations
  2285 | D:3      | Reached skill level 1 in Transmutations
  2285 | D:3      | Reached skill level 1 in Fire Magic
  2285 | D:3      | Reached skill level 1 in Ice Magic
  2285 | D:3      | Reached skill level 1 in Air Magic
  2285 | D:3      | Reached skill level 1 in Earth Magic
  2285 | D:3      | Reached skill level 1 in Poison Magic
  2451 | D:3      | Upgraded the game from 0.28-a0-1114-g8eb0198dcf to
                  | 0.28-a0-1128-gb845255321
  2505 | D:3      | Reached XP level 5. HP: 32/47 MP: 8/8
  3028 | D:4      | Noticed a necrophage
  3038 | D:4      | Killed a necrophage
  3039 | D:4      | Reached skill level 5 in Invocations
  3039 | D:4      | Reached XP level 6. HP: 53/53 MP: 9/9
  3092 | D:4      | Found a staircase to the Ecumenical Temple.
  3546 | D:4      | Found a runed translucent door.
  3547 | D:4      | Noticed Crazy Yiuf
  3579 | D:4      | Reached skill level 5 in Axes
  3579 | D:4      | Reached skill level 5 in Armour
  3783 | D:4      | Killed Crazy Yiuf
  3953 | D:5      | Entered Level 5 of the Dungeon
  4263 | D:5      | Reached XP level 7. HP: 59/59 MP: 10/10
  4342 | D:5      | Reached skill level 7 in Fighting
  4826 | D:6      | Reached XP level 8. HP: 67/67 MP: 12/12
  4857 | D:6      | Found Huwalyess's Assorted Antiques.
  4868 | D:6      | Bought a scroll labelled SITSAUKLOB for 24 gold pieces
  4909 | D:6      | Identified the +1 cloak of Precision Catastrophes {rF++
                  | Dex+5}
  5042 | D:6      | Noticed a gargoyle
  5084 | D:6      | Killed a gargoyle
  5417 | D:7      | Reached *** piety under Lugonu
  5418 | D:7      | Reached XP level 9. HP: 72/72 MP: 14/14
  5449 | D:7      | Found a flagged portal.
  5470 | Bailey   | Entered a bailey
  5496 | Bailey   | Noticed an orc knight
  5612 | D:7      | Reached skill level 5 in Dodging
  5889 | D:7      | Noticed a troll
  5895 | D:7      | Killed a troll
  5896 | D:7      | Reached skill level 8 in Fighting
  5939 | D:7      | Reached **** piety under Lugonu
  6384 | D:8      | Reached XP level 10. HP: 80/80 MP: 17/17
  6414 | D:8      | Noticed Grum
  6416 | D:8      | Noticed Pikel
  6429 | D:8      | Killed Pikel
  6430 | D:8      | Reached skill level 5 in Short Blades
  6430 | D:8      | Reached skill level 5 in Long Blades
  6430 | D:8      | Reached skill level 5 in Maces & Flails
  6430 | D:8      | Reached skill level 5 in Polearms
  6430 | D:8      | Reached skill level 5 in Staves
  6430 | D:8      | Reached skill level 5 in Slings
  6430 | D:8      | Reached skill level 5 in Bows
  6430 | D:8      | Reached skill level 5 in Crossbows
  6430 | D:8      | Reached skill level 5 in Throwing
  6430 | D:8      | Reached skill level 5 in Stealth
  6430 | D:8      | Reached skill level 5 in Shields
  6430 | D:8      | Reached skill level 5 in Unarmed Combat
  6430 | D:8      | Reached skill level 5 in Spellcasting
  6430 | D:8      | Reached skill level 5 in Evocations
  6430 | D:8      | Killed Grum
  6526 | D:8      | Found a glowing silver altar of Zin.
  6851 | D:9      | Noticed a rakshasa
  6870 | D:9      | Killed from afar by a rakshasa

Illustrated notes

Levels and vault maps discovered:
D:1:      minmay_arrival_up_and_down, layout_basic, feat_on_display
D:2:      minmay_spotlight, layout_basic, hex_large, minmay_misc_feat_iff
D:3:      layout_rooms, minmay_misc_feat_alley
D:4:      layout_loops_cross, minmay_temple_entry_enclosed_plants,
          uniq_crazy_yiuf_cottage
D:5:      layout_basic, chequers_serial_rivers_micro_a
D:6:      minmay_chambers_of_fours, layout_cave_pools, serial_shops,
          nicolae_shop_crystal
D:7:      layout_cave_pools, enter_bailey_3, kennysheep_cross_room,
          minmay_fractal_squares_5
D:8:      layout_gridville, zin_scriptorium, uniq_grum, uniq_pikel
D:9:      layout_layer_cave, roderic_nine_men_s_morris

Skill      XL: |  1  2  3  4  5  6  7  8  9 10 |
---------------+-------------------------------+-----
Short Blades   | 1 2 3 4 5 |  5.1
Long Blades    | 1 2 3 4 5 |  5.1
Maces & Flails | 1 2 3 4 5 |  5.1
Polearms       | 1 2 3 4 5 |  5.1
Staves         | 1 2 3 4 5 |  5.1
Slings         | 1 2 3 4 5 |  5.1
Bows           | 1 2 3 4 5 |  5.1
Crossbows      | 1 2 3 4 5 |  5.1
Throwing       | 1 2 3 4 5 |  5.1
Stealth        | 1 2 3 4 5 |  5.1
Shields        | 1 2 3 4 5 |  5.1
Unarmed Combat | 1 2 3 4 5 |  5.1
Spellcasting   | 1 2 3 4 5 |  5.1
Evocations     | 1 2 3 4 5 |  5.1
Conjurations   | 1 2 3 4 |  4.2
Hexes          | 1 2 3 4 |  4.2
Summonings     | 1 2 3 4 |  4.2
Necromancy     | 1 2 3 4 |  4.2
Translocations | 1 2 3 4 |  4.2
Transmutations | 1 2 3 4 |  4.2
Fire Magic     | 1 2 3 4 |  4.2
Ice Magic      | 1 2 3 4 |  4.2
Air Magic      | 1 2 3 4 |  4.2
Earth Magic    | 1 2 3 4 |  4.2
Poison Magic   | 1 2 3 4 |  4.2
Dodging        | 3 4 5 |  5.8
Invocations    | 5 6 7 |  7.4
Axes           | 5 6 7 |  7.0
Armour         | 5 6 7 |  7.0
Fighting       | 7 8 |  8.4

Action                   |  1- 3 |  4- 6 |  7- 9 | 10-12 || total
-------------------------+-------+-------+-------+-------++-------
Melee: Hand axe          |    94 |   136 |   151 |    27 ||   408
       Bite              |     8 |     7 |    10 |     3 ||    28
Throw: Dart              |       |     4 |     4 |       ||     8
Invok: Depart the Abyss  |     1 |       |       |       ||     1
  Use: Scroll            |     6 |     6 |    12 |     1 ||    25
 Stab: Invisible         |       |     1 |       |       ||     1
       Distracted        |       |       |     4 |       ||     4
Armor: Leather armour    |    11 |       |       |       ||    11
       Chain mail        |    50 |    35 |       |       ||    85
       Plate armour      |       |    41 |    88 |    54 ||   183
Dodge: Dodged            |    49 |    16 |    12 |     9 ||    86
Block: Tower shield      |       |   109 |   159 |    54 ||   322

Table legend: (Time is in decaauts)
 A = Elapsed time spent in this place.
 B = Non-inter-level travel time spent in this place.
 C = Inter-level travel time spent in this place.
 D = Time resting spent in this place.
 E = Time spent auto-exploring this place.
 F = Levels seen in this place.
 G = Mean time per level.
                   A        B        C        D        E       F      G
               +--------+--------+--------+--------+--------+-----+--------+
         Total |   7021 |   6899 |    122 |      3 |   5396 |  12 |  585.1 |
       Dungeon |   6776 |   6654 |    122 |      3 |   5215 |   9 |  752.9 |
         Abyss |    213 |    213 |      0 |      0 |    171 |   2 |  106.5 |
        Bailey |     30 |     30 |      0 |      0 |     10 |   1 |   30.0 |
               +--------+--------+--------+--------+--------+-----+--------+

Top non-repeatable levels by time:
     D:4: 1231 daAuts
     D:2: 1138 daAuts
     D:1: 867 daAuts
     D:7: 761 daAuts
     D:3: 741 daAuts
     D:5: 720 daAuts
     D:8: 689 daAuts
     D:6: 600 daAuts
 Abyss:1: 170 daAuts
 Abyss:2: 43 daAuts
  Bailey: 30 daAuts
     D:9: 26 daAuts
